 Dungeon Crawl Stone Soup version 0.18.1-48-g4cf74bf (webtiles) character file.

59 Peloso the Covered (level 3, -1/33 HPs)
             Began as a Minotaur Fighter on Aug 13, 2016.
             Slain by an adder (2 damage)
             ... on level 2 of the Dungeon.
             The game lasted 00:02:23 (874 turns).

Peloso the Covered (Minotaur Fighter)                Turns: 874, Time: 00:02:23

Health: -1/33      AC:  7    Str: 17 (20) XL:     3   Next: 78%
Magic:  2/2        EV:  7    Int:  7 (10) God:
Gold:   109        SH:  8    Dex:  7 (10) Spells: 0 memorised, 2 levels left

rFire  . . .     SeeInvis .     a - +0 long sword
rCold  . . .     Gourm    .     b - +0 scale mail
rNeg   . . .     Faith    .     c - +0 shield
rPois  .         Spirit   .     (helmet restricted)
rElec  .         Dismiss  .     (no cloak)
rCorr  .         Reflect  .     (no gloves)
SustAt .         Harm     .     (no boots)
MR     .....                    (no amulet)
Stlth  ..........               (no ring)
                                (no ring)

@: brilliant, lethally poisoned (-1 -> -7), not resistant to hostile
enchantments, extremely unstealthy
A: retaliatory headbutt, horns 2
a: no special abilities


You were on level 2 of the Dungeon.
You were not hungry.

You visited 1 branch of the dungeon, and saw 2 of its levels.

You collected 109 gold pieces.

Inventory:

Hand Weapons
 a - a +0 long sword (weapon)
Armour
 b - a +0 scale mail (worn)
 c - a +0 shield (worn)
Scrolls
 e - 2 scrolls of enchant armour {unknown}
 g - a scroll of amnesia {unknown}
 i - 2 scrolls of remove curse {unknown}
 l - a scroll of immolation {unknown}
 m - a scroll of identify {unknown}
 o - a scroll of noise {unknown}
Potions
 d - 2 potions of might
 k - 2 potions of degeneration
 n - a potion of cure mutation
Comestibles
 f - 5 bread rations


   Skills:
 + Level 3.8 Fighting
 + Level 2.8 Long Blades
 + Level 4.6 Armour
 + Level 1.4 Dodging
 + Level 4.1 Shields


You had 2 spell levels left.
You didn't know any spells.

Dungeon Overview and Level Annotations

Branches:
Dungeon (2/15)

Altars:
Fedhas
Yredelemnul


Innate Abilities, Weirdness & Mutations

You reflexively headbutt those who attack you in melee.
You have a pair of horns on your head.


Message History

You feel sick. You block the adder's attack.
Unknown command.
Drink which item? (? for menu, Esc to quit)
It was a potion of degeneration.
There was something very wrong with that liquid.
You feel weakened.
You feel dopey.
You feel clumsy.
The adder bites you but does no damage. x2
Drink which item? (? for menu, Esc to quit)
It was a potion of brilliance.
You feel clever all of a sudden.
* * * LOW HITPOINT WARNING * * *
You feel sick. You block the adder's attack.
Drink which item? (? for menu, Esc to quit)
It was a potion of cure mutation.
It has a very clean taste.
* * * LOW HITPOINT WARNING * * *
You feel sick. The adder bites you but does no damage.
Your shield and scale mail prevent you from hitting the adder.
The adder is severely wounded.
The adder bites you but does no damage. The adder bites you.
You die...

.#... #...._......... .
#........#.##.>## #.
#...........#...# #..
#....⌠....#.##..##..#
####.........#..#^....#
............###...>#.##
#?..._....####..)..##
#..S@..##......)(...#
#..##..########......
#... #.#### #.##... #.#
#.<..# ##.# ..# #
####.#####..###..
#...##........
#####.#....##.#. .
#.#.....#)..
#.##..........


You could see an adder.

Vanquished Creatures
  An adder (D:2)
  2 oozes (D:2)
  A worm (D:2)
  3 giant geckos
  A giant cockroach (D:2)
  4 goblins
  5 hobgoblins
  6 kobolds
  A quokka (D:2)
  2 ball pythons (D:1)
  4 bats
  2 giant newts (D:2)
  5 rats
37 creatures vanquished.

Notes
Turn   | Place    | Note
--------------------------------------------------------------
     0 | D:1      | Peloso the Minotaur Fighter began the quest for the Orb.
     0 | D:1      | Reached XP level 1. HP: 19/19 MP: 0/0
   155 | D:1      | Reached XP level 2. HP: 27/27 MP: 1/1
   587 | D:2      | Reached XP level 3. HP: 29/33 MP: 2/2
   587 | D:2      | Reached skill level 1 in Dodging
   861 | D:2      | Found a blossoming altar of Fedhas.
   864 | D:2      | Found a basalt altar of Yredelemnul.
   873 | D:2      | HP: 1/33 [poisoned by an adder]
   874 | D:2      | Slain by an adder

Skill      XL: |  1  2  3 |
---------------+----------+-----
Armour         | 4 |  4.6
Dodging        | 1 |  1.4
Shields        | 4 |  4.1
Fighting       | |  3.8
Long Blades    | |  2.8

Action                   || total
-------------------------++-------
Melee: Long sword        ||    92
       Headbutt          ||    19
  Use: Potion            ||     3
Armor: Scale mail        ||    50
Dodge: Dodged            ||    35
Block: Shield            ||    71
